Map: Arctic Dream LE

Players

alfi

  • Race: Zerg Zerg
  • League: Master
  • Spawn Location: 12:00

CoolDrink

  • Race: Zerg Zerg
  • Spawn Location: 11:00

Massa - Winner!

  • Race: Terran Terran
  • League: Platinum
  • Spawn Location: 5:00

qqq - Winner!

  • Race: Zerg Zerg
  • Spawn Location: 6:00

VOD

Have the link to the VOD?

Description

Time

  • Played on: Feb. 12, 2021, 4:27 p.m.
  • Length: 20:33
Show
View Real Time Build Order
Export as new Build Order

alfi Zerg 

Build Orders: Hatch First 

Get SALT Encoding   

  12  0:00  Drone  
  13  0:13  Overlord  
  13  0:17  Drone  
  14  0:33  Drone x2  
  16  0:36  Drone  
  17  0:53  Hatchery  
  16  0:58  Drone x2  
  16  1:02  Extractor  
  17  1:08  Drone  
  18  1:17  Spawning Pool  
  17  1:19  Drone  
  18  1:29  Drone  
  19  1:51  Drone x2  
  21  2:04  Queen, Zergling x2  
  21  2:06  Queen  
  21  2:07  Overlord  
  21  2:08  Metabolic Boost  
  26  2:25  Hatchery  
  25  2:32  Drone x2  
  25  2:33  Drone  
  28  2:39  Overlord  
  28  2:47  Overlord  
  28  2:57  Queen  
  30  2:59  Overlord  
  30  3:04  Drone x2  
  32  3:07  Drone  
  32  3:09  Drone  
  34  3:13  Drone  
  34  3:14  Drone  
  36  3:20  Pneumatized Carapace  
  36  3:24  Drone  
  37  3:27  Zergling x2  
  37  3:28  Zergling x2  
  39  3:35  Roach Warren  
  39  3:36  Zergling x2  
  39  3:37  Zergling x2  
  39  3:40  Zergling x2  
  40  3:42  Zergling x2  
  42  3:48  Spine Crawler, Zergling x2  
  42  3:54  Queen  
  43  3:59  Zergling x2  
  39  4:38  Roach x4  
  36  4:39  Roach x5  
  36  4:41  Extractor, Drone  
  36  4:44  Extractor  
  51  4:45  Extractor  
  51  4:46  Roach  
  51  4:48  Overlord x2  
  50  4:57  Roach  
  48  5:07  Roach x2  
  48  5:13  Drone x4  
  51  5:23  Drone  
  51  5:26  Queen  
  54  5:31  Hatchery  
  54  5:32  Drone x2  
  55  5:36  Drone  
  56  5:43  Drone  
  56  5:46  Drone x3  
  56  5:47  Drone  
  61  5:55  Drone  
  62  6:03  Drone x2  
  64  6:07  Roach  
  64  6:10  Lair  
  61  6:27  Roach x3  
  61  6:29  Spore Crawler x2  
  63  6:35  Drone x2  
  63  6:36  Drone  
  63  6:39  Spore Crawler  
  57  6:42  Spore Crawler  
  43  7:11  Drone x7  
  43  7:12  Drone x3  
  43  7:13  Glial Reconstitution  
  53  7:31  Queen  
  53  7:35  Roach  
  57  7:37  Evolution Chamber  
  57  7:38  Evolution Chamber  
  57  7:39  Roach  
  57  7:45  Roach x2  
  57  7:46  Drone  
  57  7:50  Roach  
  64  7:53  Drone, Roach  
  64  7:57  Drone x2  
  69  8:01  Roach  
  69  8:04  Roach  
  69  8:12  Hydralisk Den  
  66  8:17  Ravager  
  65  8:27  Drone  
  65  8:28  Drone x6  
  65  8:29  Drone  
  65  8:32  Ravager  
  74  8:39  Zerg Missile Weapons Level 1  
  74  8:41  Zerg Ground Armor Level 1  
  74  8:50  Overlord  
  74  8:51  Muscular Augments  
  68  9:07  Hydralisk  
  68  9:08  Hydralisk x4  
  65  9:11  Hydralisk  
  65  9:15  Hydralisk  
  58  9:18  Hydralisk  
  58  9:24  Hydralisk  
  60  9:30  Hydralisk  
  64  9:49  Hydralisk x2  
  64  9:52  Overlord x4  
  67  10:05  Overlord  
  67  10:11  Hydralisk x3  
  67  10:12  Hydralisk x2  
  77  10:18  Hydralisk  
  79  10:33  Hydralisk x2  
  79  10:34  Hydralisk  
  79  10:35  Overlord x3  
  85  10:41  Hatchery  
  76  10:57  Hydralisk x5  
  70  11:00  Hatchery  
  70  11:03  Hydralisk  
  75  11:05  Drone x2  
  75  11:08  Overseer  
  77  11:13  Hydralisk  
  77  11:15  Overlord  
  77  11:17  Drone x3  
  82  11:23  Hydralisk  
  84  11:29  Hydralisk  
  86  11:36  Overseer  
  86  11:39  Hydralisk x2  
  88  11:46  Hydralisk x2  
  92  11:48  Zergling x8  
  92  11:54  Zergling x6  
  93  12:02  Hydralisk  
  93  12:04  Zergling x4  
  97  12:11  Hydralisk x3  
  97  12:12  Zergling x2  
  97  12:14  Extractor  
  103  12:19  Hydralisk x2  
  107  12:28  Hydralisk x2  
  111  12:30  Drone x3  
  111  12:34  Hydralisk  
  111  12:36  Drone  
  111  12:37  Drone  
  111  12:47  Drone x2  
  111  12:48  Drone x3  
  111  12:50  Drone  
  117  12:54  Hydralisk  
  117  12:58  Hydralisk  
  114  13:22  Hydralisk x2  
  114  13:23  Hydralisk x3  
  112  13:39  Lurker Den  
  111  13:42  Drone x3  
  111  13:43  Drone x3  
  111  13:47  Drone x2  
  119  13:52  Extractor  
  118  14:00  Spore Crawler  
  107  14:28  Hydralisk  
  107  14:29  Hydralisk x10  
  107  14:30  Hydralisk  
  104  14:32  Zergling x2  
  65  14:54  Lurker x2  
  65  14:59  Zergling x12  
  74  15:00  Zergling x12  
  74  15:02  Lurker  
  74  15:06  Hydralisk  
  74  15:11  Lurker x2  
  74  15:12  Hydralisk, Lurker x2  
  59  15:26  Hydralisk x2  
  45  15:37  Hydralisk  
  44  15:47  Hydralisk  
  46  15:55  Hydralisk  
  46  16:01  Spawning Pool  
  46  16:03  Drone  
  46  16:04  Drone x2  
  47  16:11  Hydralisk  
  46  16:15  Hatchery  
  47  16:28  Drone x3  
  47  16:31  Hydralisk Den  
  44  16:49  Hydralisk  
  44  16:50  Hydralisk  
  44  16:53  Hydralisk  
  50  17:02  Hydralisk  
  50  17:06  Hydralisk  
  51  17:20  Hydralisk  
  51  17:21  Hydralisk  
  55  17:27  Hydralisk  
  57  17:46  Hydralisk  
  57  17:48  Lurker Den  
  55  17:52  Hydralisk  
  55  17:56  Hydralisk  
  56  17:59  Drone  
  55  18:07  Overseer  
  55  18:11  Hydralisk  
  57  18:17  Hydralisk  
  59  18:30  Hydralisk x2  
  60  18:49  Lurker  
  60  18:50  Lurker  
  60  18:51  Lurker  
  63  18:56  Drone  
  64  19:07  Hydralisk  
  64  19:11  Hydralisk  
  66  19:27  Lurker  
  66  19:28  Lurker  
  66  19:30  Hydralisk x2  
  51  19:50  Hydralisk x2  
  51  19:52  Hydralisk  
  46  19:59  Hydralisk  
  46  20:07  Hydralisk  
Show
View Real Time Build Order
Export as new Build Order

CoolDrink Zerg 

Build Orders: Hatch First, Lurkers 

Get SALT Encoding   

  12  0:00  Drone  
  13  0:14  Overlord  
  13  0:17  Drone  
  14  0:32  Drone x2  
  16  0:50  Hatchery  
  16  0:55  Drone  
  16  0:57  Drone  
  16  0:59  Drone  
  18  1:09  Extractor  
  17  1:16  Spawning Pool  
  16  1:18  Drone  
  16  1:22  Drone  
  18  1:38  Drone  
  19  1:41  Overlord  
  19  1:52  Drone  
  20  2:03  Queen x2  
  24  2:09  Drone x2  
  26  2:16  Metabolic Boost  
  26  2:29  Hatchery  
  25  2:36  Baneling Nest  
  24  2:42  Zergling x4  
  26  2:46  Drone x2  
  28  2:57  Drone x3  
  31  3:05  Drone x2  
  31  3:08  Drone  
  34  3:25  Drone x2  
  36  3:37  Baneling  
  36  3:41  Zergling x10  
  36  3:43  Overlord x2  
  39  3:53  Queen  
  41  4:04  Spine Crawler, Lair  
  41  4:06  Spine Crawler  
  41  4:08  Spine Crawler  
  38  4:10  Spine Crawler  
  38  4:12  Baneling x5  
  34  4:43  Zergling x2  
  34  4:44  Zergling x28  
  46  5:22  Drone x3, Nydus Network  
  46  5:23  Drone x10  
  58  5:29  Extractor  
  57  5:37  Extractor  
  56  5:43  Baneling x2  
  56  5:44  Baneling x2  
  43  6:33  Drone x3, Hydralisk Den  
  43  6:34  Drone x14  
  43  6:39  Spore Crawler  
  57  6:40  Spore Crawler  
  56  6:47  Nydus Canal  
  56  6:52  Extractor  
  55  6:55  Drone x3  
  55  6:57  Overlord x3  
  55  6:58  Overlord x2  
  58  7:12  Extractor  
  57  7:18  Drone x14  
  57  7:19  Drone x4  
  75  7:24  Extractor  
  74  7:45  Grooved Spines  
  74  7:52  Spore Crawler, Evolution Chamber  
  74  7:53  Lurker Den, Evolution Chamber  
  74  7:54  Drone x2  
  72  8:00  Zergling x2  
  72  8:01  Zergling x14  
  72  8:02  Zergling x6  
  72  8:03  Zergling x2  
  84  8:12  Hydralisk x3  
  90  8:26  Overlord x5  
  90  8:27  Overlord x2  
  90  8:33  Zerg Missile Weapons Level 1, Zerg Ground Armor Level 1  
  90  8:34  Infestation Pit  
  90  8:35  Hatchery  
  88  8:44  Nydus Canal  
  85  8:51  Hydralisk x7  
  85  8:52  Hydralisk x2  
  103  8:56  Muscular Augments  
  103  9:08  Lurker  
  103  9:09  Lurker  
  105  9:15  Hydralisk  
  105  9:16  Hydralisk x3  
  101  9:52  Hydralisk x12  
  122  10:18  Hydralisk x7  
  135  10:26  Overlord x5  
  135  10:28  Zerg Ground Armor Level 2  
  124  10:53  Hydralisk x8  
  100  11:14  Hydralisk x7  
  114  11:19  Nydus Canal  
  114  11:43  Hydralisk  
  114  11:44  Hydralisk x7  
  130  11:49  Hydralisk  
  101  12:12  Hydralisk x7  
  101  12:13  Hydralisk x2  
  112  12:38  Hydralisk x8  
  112  12:41  Hatchery  
  127  13:00  Hatchery  
  116  13:14  Lurker x2  
  110  13:25  Lurker x3  
  110  13:26  Lurker x2  
  113  13:28  Hive  
  113  13:31  Zerg Missile Weapons Level 2  
  113  13:38  Zergling x10  
  113  13:39  Zergling x42  
  139  14:02  Nydus Canal  
  139  14:05  Hydralisk x2  
  139  14:06  Hydralisk x8  
  113  15:02  Lurker x6  
  113  15:03  Lurker  
  117  15:18  Hatchery  
  112  15:22  Nydus Canal  
  62  16:34  Nydus Canal, Hydralisk  
  62  16:35  Hydralisk x14  
  91  16:58  Seismic Spines  
  83  17:37  Hatchery  
  79  17:39  Hydralisk x2  
  79  17:40  Hydralisk x4  
  79  17:43  Extractor x2  
  82  18:07  Drone x8  
  65  18:36  Hydralisk  
  65  18:37  Hydralisk x9  
  71  18:45  Extractor  
  62  19:09  Hydralisk x6  
  61  19:13  Extractor  
  61  19:14  Extractor  
  55  19:31  Hydralisk  
  55  19:32  Hydralisk x3  
  62  19:42  Zergling x20  
  66  20:03  Hydralisk  
  66  20:04  Hydralisk x4  
Show
View Real Time Build Order
Export as new Build Order

Massa Terran - Winner!

Build Orders: Hellion Banshee 

Get SALT Encoding   

  12  0:00  SCV  
  13  0:12  SCV  
  14  0:17  Supply Depot  
  14  0:25  SCV  
  15  0:40  Barracks  
  15  0:42  SCV  
  16  0:47  Refinery  
  16  0:54  SCV  
  17  1:06  SCV  
  18  1:18  SCV  
  19  1:30  SCV  
  20  1:35  Barracks Reactor  
  20  1:40  Command Center  
  20  1:48  Orbital Command  
  20  1:57  Supply Depot  
  20  2:11  Marine  
  20  2:12  Marine  
  22  2:17  Factory  
  22  2:21  SCV  
  23  2:29  Marine x2  
  25  2:47  Marine x2  
  27  2:54  SCV  
  27  2:56  Refinery  
  27  2:58  Orbital Command  
  28  3:02  Starport  
  28  3:14  Barracks Tech Lab, Hellion x2  
  32  3:22  SCV  
  32  3:25  SCV  
  34  3:32  Engineering Bay  
  34  3:34  SCV  
  35  3:35  Hellion  
  35  3:37  SCV, Hellion  
  40  3:46  SCV  
  41  3:57  Hellion  
  41  3:59  Hellion  
  45  4:28  Supply Depot  
  45  4:29  Supply Depot  
  45  4:30  Supply Depot  
  45  4:35  Barracks Tech Lab  
  45  4:37  Supply Depot  
  45  4:38  Missile Turret  
  45  4:39  Cloaking Field  
  45  4:42  Banshee  
  45  4:43  Hellion x2  
  44  4:52  Supply Depot  
  44  4:57  Supply Depot  
  42  5:00  Supply Depot  
  34  5:16  Widow Mine x2  
  38  5:22  Marine  
  38  5:25  Banshee, Stimpack  
  42  5:29  Barracks  
  42  5:36  SCV x2  
  42  5:37  Widow Mine  
  42  5:38  Widow Mine  
  42  5:40  Marine  
  49  6:17  Marauder  
  51  6:19  Marine  
  52  6:37  Marine  
  52  6:39  Marauder  
  55  6:55  Marine  
  55  7:00  Marine  
  57  7:10  Barracks x2  
  57  7:11  Barracks  
  57  7:13  Marine  
  58  7:18  Marauder  
  58  7:20  Widow Mine  
  58  7:21  Widow Mine  
  58  7:22  Medivac  
  66  7:30  SCV x2, Marine  
  69  7:39  Marauder  
  69  7:40  Sensor Tower  
  69  7:42  Widow Mine, SCV x2  
  75  7:44  Command Center  
  75  7:48  Marine  
  75  7:50  Starport, Refinery  
  75  7:51  Refinery, Terran Infantry Weapons Level 1  
  76  7:52  Medivac  
  76  7:54  SCV x2, Engineering Bay  
  76  7:56  Armory  
  80  8:04  Marauder  
  80  8:05  Barracks Reactor, Barracks Tech Lab, Marine  
  83  8:06  SCV x2, Marine  
  86  8:18  SCV x2  
  88  8:21  Banshee  
  88  8:23  Marine  
  88  8:24  Terran Infantry Armor Level 1, Marine  
  88  8:25  Marauder  
  95  8:28  Starport Reactor  
  95  8:29  Marine  
  95  8:30  SCV  
  97  8:35  SCV  
  97  8:40  Marine  
  99  8:42  SCV, Marine  
  99  8:47  Marine  
  102  8:56  SCV x2, Marauder  
  102  8:58  Marine  
  101  9:08  SCV  
  98  9:11  Barracks Reactor  
  96  9:17  Marauder  
  96  9:19  Marauder, Marine  
  99  9:39  Marauder  
  92  10:03  Missile Turret x2  
  92  10:04  Missile Turret  
  92  10:06  Medivac x2  
  94  10:10  Viking  
  94  10:13  Terran Infantry Weapons Level 2  
  94  10:15  Terran Vehicle Weapons Level 1  
  93  10:36  Widow Mine x2, Viking  
  93  10:41  SCV x3  
  102  10:53  SCV x3  
  103  11:02  Combat Shield  
  103  11:03  Concussive Shells  
  103  11:05  SCV x3  
  106  11:17  SCV x2, Planetary Fortress  
  108  11:21  Refinery  
  108  11:23  Refinery  
  108  11:29  SCV  
  109  11:40  Terran Infantry Armor Level 2  
  101  11:51  Marauder x2  
  101  11:52  Barracks Reactor, Barracks Tech Lab, Marine x2  
  103  12:10  Marine x2  
  103  12:12  Marauder x2  
  109  12:20  Marauder  
  113  12:23  Widow Mine x2  
  113  12:27  Marine  
  113  12:28  Marine  
  113  12:32  Terran Infantry Weapons Level 3  
  113  12:34  Marauder x2  
  117  12:56  Supply Depot x3  
  117  12:58  Supply Depot  
  117  13:15  SCV x2  
  117  13:17  Widow Mine x2, SCV, Marauder, Marine x2  
  117  13:18  Marauder x2  
  128  13:21  Supply Depot  
  128  13:23  Supply Depot  
  128  13:28  SCV x2, Medivac x3  
  128  13:29  SCV  
  137  13:39  Widow Mine x2  
  137  13:40  SCV x2  
  143  13:41  SCV  
  143  13:46  Factory  
  144  13:52  SCV x2  
  144  13:53  SCV  
  147  13:56  Terran Infantry Armor Level 3  
  147  13:58  Medivac  
  147  14:00  Widow Mine x2  
  153  14:04  SCV x2  
  155  14:22  Widow Mine x2  
  158  14:45  Marauder x2, Marine x2  
  152  14:46  Marine  
  152  14:47  Widow Mine x2  
  157  14:53  Widow Mine  
  157  14:55  Marine  
  117  15:28  Widow Mine  
  106  15:39  Command Center  
  106  15:40  Supply Depot  
  106  15:42  Supply Depot x2  
  98  15:43  Supply Depot x2  
  98  15:44  Supply Depot  
  93  16:05  Widow Mine  
  91  16:51  SCV  
  91  16:53  Supply Depot  
  92  17:03  SCV  
  93  17:09  Factory Tech Lab  
  93  17:14  Planetary Fortress  
  93  17:16  Supply Depot  
  93  17:26  Command Center  
  93  17:29  Widow Mine  
  95  17:36  Barracks x2  
  95  17:40  Supply Depot  
  95  17:41  Barracks  
  95  17:42  Barracks  
  94  17:48  Starport  
  94  17:52  Starport  
  92  18:04  Supply Depot  
  92  18:27  Supply Depot  
  88  18:52  Missile Turret  
  88  18:54  SCV x3  
  91  19:03  Barracks Reactor x2, Barracks Tech Lab x2  
  91  19:05  Starport Tech Lab, Starport Reactor  
  91  19:06  SCV x3  
  91  19:08  Command Center  
  92  19:11  Siege Tank  
  95  19:18  SCV x2  
  95  19:19  SCV, Factory  
  98  19:27  Barracks  
  98  19:29  Barracks x2  
  95  19:43  Siege Tank  
  91  19:49  Marauder  
  91  19:50  Marauder, Marine x4  
  90  19:58  Missile Turret  
  90  20:07  Factory Reactor  
  90  20:08  Marine x2  
  90  20:11  Marauder x2  
  96  20:20  Missile Turret  
  96  20:24  Missile Turret  
Show
View Real Time Build Order
Export as new Build Order

qqq Zerg - Winner!

Build Orders: Hatch First 

Get SALT Encoding   

  12  0:01  Drone  
  13  0:13  Drone  
  14  0:19  Overlord  
  14  0:45  Hatchery  
  13  0:52  Drone x2  
  15  1:01  Drone  
  16  1:16  Spawning Pool  
  16  1:17  Extractor  
  14  1:21  Drone  
  14  1:22  Drone  
  16  1:27  Drone  
  17  1:35  Drone  
  19  1:47  Drone  
  19  1:57  Drone  
  19  1:58  Drone  
  21  2:03  Queen  
  21  2:05  Queen  
  25  2:09  Drone  
  25  2:15  Overlord  
  26  2:25  Drone  
  26  2:29  Zergling x2  
  27  2:31  Metabolic Boost  
  27  2:33  Drone  
  28  2:38  Drone  
  28  2:43  Baneling Nest  
  28  2:45  Drone  
  28  2:47  Zergling x2  
  30  2:57  Zergling x2  
  30  2:58  Drone  
  32  3:02  Overlord  
  32  3:03  Drone  
  33  3:13  Zergling x2  
  33  3:14  Drone  
  33  3:16  Zergling x2, Overlord  
  33  3:17  Overlord  
  36  3:22  Drone x2  
  36  3:23  Zergling x2  
  39  3:27  Baneling x2  
  39  3:28  Baneling  
  39  3:31  Zergling x2  
  39  3:33  Zergling x2  
  41  3:38  Zergling x2  
  42  3:43  Drone  
  42  3:46  Lair  
  43  3:50  Extractor  
  43  3:53  Zergling x2  
  43  3:55  Drone  
  44  4:04  Zergling x2  
  44  4:05  Drone  
  44  4:08  Hatchery, Zergling x2  
  46  4:12  Zergling x4  
  46  4:13  Zergling x2  
  46  4:14  Drone  
  46  4:15  Zergling x2  
  46  4:45  Zergling x6  
  46  4:46  Zergling x4  
  46  4:47  Drone x3, Zergling x6  
  56  4:55  Zergling x2  
  55  5:08  Zergling x2  
  55  5:09  Drone x2  
  52  5:16  Zergling x2  
  52  5:20  Drone  
  52  5:21  Drone  
  53  5:24  Drone  
  53  5:25  Drone x3  
  53  5:27  Extractor, Spire  
  55  5:29  Drone x2  
  55  5:32  Extractor, Zergling x2  
  55  5:33  Zergling x2  
  57  5:46  Zergling x4  
  57  5:47  Drone x2  
  56  6:04  Zergling x6  
  48  6:25  Zergling x4  
  48  6:26  Zergling x4  
  48  6:29  Zergling x2  
  48  6:30  Zergling x4  
  48  6:31  Zergling x4  
  54  6:37  Zergling x2  
  56  6:40  Zergling x2  
  56  6:43  Queen  
  56  6:49  Mutalisk  
  56  6:50  Mutalisk  
  57  7:01  Drone  
  57  7:09  Mutalisk  
  57  7:12  Overlord  
  59  7:29  Overlord x2  
  59  7:30  Hatchery  
  59  7:35  Drone x3  
  61  7:43  Mutalisk x3  
  67  7:45  Overlord x3  
  67  7:49  Hatchery  
  66  7:55  Hatchery  
  65  7:58  Hatchery  
  63  8:13  Mutalisk x3  
  63  8:14  Mutalisk x3  
  63  8:15  Zergling x2  
  71  8:24  Mutalisk x2  
  73  8:32  Zergling x2  
  73  8:33  Zergling x2  
  75  8:47  Zergling x10  
  80  8:51  Drone  
  80  8:56  Mutalisk  
  80  8:58  Drone  
  83  9:18  Drone x4  
  83  9:19  Drone, Zergling x2  
  83  9:20  Zergling x6  
  83  9:21  Mutalisk  
  83  9:22  Mutalisk  
  83  9:23  Drone x2  
  98  9:27  Zerg Flyer Weapons Level 1  
  98  9:32  Zergling x4  
  98  9:33  Drone x3  
  98  9:36  Spine Crawler  
  98  9:37  Spine Crawler x2, Queen  
  102  9:38  Drone  
  103  9:50  Overseer x2  
  103  9:52  Pneumatized Carapace  
  103  9:54  Spore Crawler  
  103  9:55  Spine Crawler  
  98  10:04  Infestation Pit  
  98  10:05  Drone x7  
  102  10:09  Centrifical Hooks  
  102  10:16  Baneling x15, Evolution Chamber  
  102  10:19  Drone x3  
  102  10:20  Drone x2  
  106  10:28  Baneling x3  
  106  10:29  Baneling  
  106  10:31  Drone x3  
  106  10:33  Extractor  
  107  10:36  Extractor  
  107  10:38  Zergling x2  
  107  10:39  Zergling x14  
  107  10:40  Zergling x6  
  109  10:55  Mutalisk x2  
  109  10:56  Drone  
  109  10:57  Drone x5  
  102  11:05  Zergling x4  
  102  11:06  Drone, Zergling x4  
  102  11:07  Drone x5  
  102  11:09  Zerg Ground Armor Level 1  
  112  11:11  Extractor  
  112  11:12  Extractor, Spore Crawler  
  112  11:13  Spine Crawler  
  112  11:16  Drone x5  
  113  11:18  Extractor  
  113  11:20  Extractor  
  113  11:21  Zerg Flyer Armor Level 1  
  110  11:32  Drone x2  
  107  11:33  Drone x5  
  107  11:34  Zergling x6  
  115  11:42  Baneling x4  
  115  11:43  Baneling x15  
  115  11:45  Drone  
  114  11:54  Spine Crawler x2  
  105  11:55  Spine Crawler  
  105  11:56  Spine Crawler  
  81  12:09  Zergling x12  
  81  12:10  Zergling x6  
  81  12:11  Drone x3, Zergling x4  
  81  12:12  Zergling x12  
  99  12:18  Drone  
  100  12:23  Hive  
  100  12:27  Mutalisk, Zergling x2  
  100  12:28  Mutalisk x2, Zergling x2  
  107  12:39  Overlord  
  107  12:45  Baneling  
  107  12:46  Baneling x18  
  107  12:50  Overlord x3  
  107  12:57  Spine Crawler  
  106  12:58  Spine Crawler  
  106  12:59  Spine Crawler x2  
  106  13:01  Spine Crawler  
  106  13:02  Spine Crawler  
  97  13:24  Zergling x10  
  97  13:25  Drone x3  
  97  13:26  Drone x9  
  114  13:34  Spine Crawler  
  114  13:41  Zergling x8  
  115  13:42  Drone x3  
  115  13:43  Zerg Ground Armor Level 2  
  115  13:48  Drone x2, Greater Spire, Evolution Chamber  
  121  14:01  Drone x2, Spine Crawler  
  122  14:03  Spine Crawler  
  121  14:13  Spine Crawler  
  121  14:16  Spine Crawler  
  89  14:35  Drone x9  
  89  14:38  Zergling x6  
  93  14:39  Zergling x10  
  93  14:40  Corruptor x6  
  112  14:46  Baneling  
  112  14:47  Baneling x4  
  112  14:50  Drone, Extractor x2  
  112  14:52  Spine Crawler  
  110  14:54  Spine Crawler  
  110  14:55  Zergling x8  
  110  14:56  Drone, Spine Crawler  
  113  15:01  Zerg Melee Weapons Level 1, Corruptor  
  113  15:06  Baneling x3  
  113  15:07  Baneling x13  
  115  15:08  Drone  
  115  15:09  Drone  
  115  15:17  Brood Lord  
  115  15:18  Brood Lord x2  
  122  15:21  Brood Lord  
  122  15:24  Brood Lord  
  122  15:27  Brood Lord  
  121  15:29  Drone x3  
  121  15:30  Drone  
  121  15:31  Drone  
  119  15:46  Zergling x2  
  119  15:47  Zergling x16  
  119  15:48  Zergling x6  
  119  15:49  Drone x6  
  136  15:54  Corruptor  
  136  15:56  Drone x2  
  138  15:58  Extractor  
  138  16:02  Zergling x6  
  140  16:09  Overseer x3  
  140  16:11  Baneling  
  140  16:13  Baneling x10  
  135  16:25  Zerg Flyer Weapons Level 2  
  133  16:29  Drone x3  
  133  16:30  Drone x3  
  139  17:00  Overseer x2, Overlord  
  139  17:01  Overlord x8  
  139  17:02  Zerg Melee Weapons Level 2  
  139  17:03  Zerg Ground Armor Level 3  
  132  17:15  Zergling x6  
  128  17:16  Drone x3, Corruptor  
  128  17:17  Corruptor x4  
  128  17:21  Drone  
  139  17:24  Brood Lord  
  138  17:36  Drone x3  
  141  17:41  Spine Crawler  
  141  17:42  Spine Crawler  
  141  17:43  Spine Crawler  
  141  17:44  Spine Crawler  
  133  17:53  Drone  
  133  17:54  Drone x4  
  133  17:56  Brood Lord x5  
  148  18:01  Drone x4  
  152  18:08  Extractor  
  148  18:26  Zergling x8  
  148  18:27  Zergling x8  
  140  18:36  Zergling x2  
  140  18:37  Drone x3  
  140  18:38  Drone x6  
  150  18:57  Corruptor x4  
  150  18:58  Corruptor x3  
  150  18:59  Drone x4  
  168  19:06  Zergling x2  
  168  19:07  Zergling x6  
  172  19:10  Drone x2  
  172  19:17  Spine Crawler x2  
  172  19:19  Zergling x4  
  172  19:20  Zergling x4  
  172  19:31  Zergling x8  
  172  19:32  Zergling x4  
  172  19:33  Drone x4  
  182  19:45  Baneling  
  180  19:52  Brood Lord x6  
  191  19:53  Brood Lord, Corruptor x2  
  192  20:12  Zergling x14  
  192  20:13  Zergling x4  
Tags
 
Add a new tag
Caveats
  • Supply blocks, unpowered buildings, or Contaminate may cause inaccurate times.
  • Supply counts are checked every 10 seconds.